Map: Frozen Temple

Players

Gracz

  • Race: Terran Terran

SaveUsJerico - Winner!

  • Race: Terran Terran
  • League: Diamond

VOD

Have the link to the VOD?

Description

Time

  • Played on: April 27, 2016, 9:08 a.m.
  • Length: 6:31
Show
View Real Time Build Order
Export as new Build Order

Gracz Terran 

Build Orders:  

Get SALT Encoding   

  12  0:02  SCV  
  13  0:36  Supply Depot  
  13  1:07  Barracks  
  13  1:58  SCV  
  14  2:07  Command Center  
  14  2:26  Barracks, Marine  
  11  2:55  Marine  
  7  3:13  Marine  
  7  3:18  Marine, Refinery  
  6  3:28  Supply Depot  
  6  3:31  Marine  
  7  3:34  SCV  
  7  3:36  Marine  
  9  3:46  SCV  
  10  3:49  Marine  
  10  3:54  Marine  
  12  3:58  Barracks  
  12  4:07  Marine  
  13  4:25  Marine  
  13  4:27  Marine  
  15  4:42  Marine  
  15  4:45  Marine x2  
  18  5:03  Marine  
Show
View Real Time Build Order
Export as new Build Order

SaveUsJerico Terran - Winner!

Build Orders:  

Get SALT Encoding   

  12  0:01  SCV  
  13  0:13  SCV  
  14  0:21  Supply Depot  
  14  0:26  SCV  
  15  0:33  Refinery  
  15  0:45  Barracks, SCV  
  16  0:57  SCV  
  17  1:06  Refinery  
  17  1:09  SCV  
  18  1:21  SCV  
  19  1:32  Reaper  
  19  1:34  Orbital Command  
  19  1:37  Supply Depot  
  20  1:54  Factory  
  20  2:01  SCV  
  21  2:11  Barracks Reactor  
  21  2:13  Barracks Tech Lab, SCV  
  22  2:25  SCV  
  23  2:37  SCV  
  24  2:49  SCV  
  25  2:51  Starport, Factory Tech Lab  
  25  3:01  Marine  
  26  3:19  Marine  
  27  3:43  Marine  
  27  3:44  Factory Reactor  
  27  3:48  Banshee  
  31  3:57  Command Center  
  31  3:59  Command Center  
  31  4:02  Supply Depot  
  31  4:13  Supply Depot  
  31  4:23  Marine  
  36  4:24  Hellion x2, Supply Depot  
  36  4:31  Banshee  
  36  4:36  Supply Depot  
  39  4:41  Marine  
  40  4:47  Supply Depot  
  40  5:05  Marine  
  41  5:09  Supply Depot  
  41  5:14  Viking  
  42  5:15  Barracks, Factory Tech Lab  
  42  5:18  Orbital Command x2  
  38  5:43  Siege Tank  
  33  6:09  Marine x2  
  33  6:14  Barracks  
Tags
 
Add a new tag
Caveats
  • Supply blocks, unpowered buildings, or Contaminate may cause inaccurate times.
  • Supply counts are checked every 10 seconds.